 Dungeon Crawl Stone Soup version 0.29-a0-356-g7bc237e783 (webtiles) character file.

Game seed: 5614878102821061162

501 zeratav the Chiller (level 7, 0/41 HPs)
             Began as an Octopode Ice Elementalist on Apr 26, 2022.
             Slain by Grinder (5 damage)
             ... on level 4 of the Dungeon.
             The game lasted 00:10:06 (4821 turns).

zeratav the Chiller (Octopode Ice Elementalist)     Turns: 4821, Time: 00:10:07

Health: 0/41       AC:  8    Str:  7    XL:     7   Next: 17%
Magic:  8/13       EV: 13    Int: 20    God:
Gold:   238        SH:  0    Dex: 12    Spells: 7/14 levels left

rFire   . . .      SeeInvis .   p - +3 war axe {axe}
rCold   . . .      Faith    .   (no shield)
rNeg    . . .      Spirit   .   (helmet restricted)
rPois   .          Reflect  .   (no amulet)
rElec   .          Harm     .   (no ring)
rCorr   .          Rampage  .   (no ring)
Will    .....                   (no ring)
Stlth   +++.......              (no ring)
HPRegen 0.13/turn               (no ring)
MPRegen 0.13/turn               (no ring)
                                (no ring)
                                (no ring)

@: ice-armoured
A: almost no armour, amphibious, 8 rings, camouflage 1, gelatinous body 1,
(nimble swimmer 1), tentacles
a: no special abilities


You were on level 4 of the Dungeon.
You visited 1 branch of the dungeon, and saw 4 of its levels.

You collected 238 gold pieces.


Innate Abilities, Weirdness & Mutations

You cannot wear most types of armour.
You are amphibious.
You can wear up to eight rings at the same time.
Your skin changes colour to match your surroundings (Stealth+).
Your rubbery body absorbs attacks. (AC +1, EV +1)
((You are camouflaged when in or above water. (Stealth+)))
You have tentacles for arms and can constrict up to eight enemies at once.


   Skills:
 - Level 2.0 Dodging
 - Level 2.6 Stealth
 + Level 2.5 Shields
 + Level 4.0 Spellcasting
 * Level 6.8 Ice Magic


You had 7 spell levels left.
You knew the following spells:

 Your Spells              Type           Power      Damage    Failure   Level
a - Freeze                Ice            100%       1d11      1%          1
b - Frozen Ramparts       Ice            62%        1d8       2%          3
c - Ozocubu's Armour      Ice            31%        N/A       2%          3

Your spell library contained the following spells:

 Spells                   Type           Power      Damage    Failure   Level
 Hailstorm                Conj/Ice       17%        3d6       30%         4
 Tukima's Dance           Hex            4%         N/A       36%         3
 Passage of Golubria      Tloc           4%         N/A       77%         4
 Yara's Violent Unravell  Hex/Tmut       2%         3d3       98%         5

Inventory:

Hand Weapons
 p - a +3 war axe (weapon) {axe}
   (You found it on level 3 of the Dungeon)
Armour
 h - a +2 buckler
   (You found it on level 2 of the Dungeon)
Wands
 m - a wand of polymorph (13)
   (You found it on level 3 of the Dungeon)
Scrolls
 b - a scroll of silence {unknown}
 c - 3 scrolls of identify {unknown}
 f - a scroll of fog {unknown}
 g - 5 scrolls of teleportation {unknown}
 i - a scroll of vulnerability {unknown}
 j - a scroll of immolation {unknown}
 k - a scroll of blinking {unknown}
 l - 2 scrolls of noise {unknown}
 o - a scroll of torment {unknown}
Potions
 a - 2 potions of magic
 d - 2 potions of curing {unknown}
 e - a potion of heal wounds {unknown}
 n - a potion of might {unknown}

Dungeon Overview and Level Annotations

Branches:
Dungeon (4/15)
 Temple: D:4-7

Altars:
Nemelex Xobeh

Shops:
D:4 (

Annotations:
D:2 1 runed translucent door, Crazy Yiuf
D:4 Grinder

..#... ............
####....##..... #..
.........[. ##########
#.##....##..... .........
..#...........# .........
....#..#......# #........
..#...........####........
.........>......@5........
..#...........####........
#.............# #........
..#...........# #........
###.........### #........
# #.....##....############
#.....###.#......# #.....#
#........# #.....#
####.....#


You could see Grinder.


Message History

The wall freezes the iguana.
The iguana seems to slow down.
MP[+1]
You barely miss the iguana. You grab the iguana. You constrict the iguana.
You kill the iguana!
Your Spellcasting skill increases to level 4!
You start resting.
The frozen ramparts melt away.
HP[+7] MP[+7]
You regained 7 hp, and now have 27/41 hp.
Your mp is fully restored (13).
You start resting.
A giant cockroach is nearby!
HP[+6]
You regained 6 hp, and now have 33/41 hp.
A giant cockroach is nearby!
Casting: Frozen Ramparts (dangerous; 2% risk of failure)
Confirm with . or Enter, or press ? or * to list all spells.
Casting: Frozen Ramparts (dangerous; 2% risk of failure)
Press: ? - help, Dir - look around, f - activate The walls around you are covered in ice.
HP[+1] MP[-3]
You lost 3 mp, and now have 10/13 mp.
A giant cockroach is nearby!
You completely miss the giant cockroach.
Your grab misses the giant cockroach.
The wall freezes the giant cockroach.
You kill the giant cockroach!
You start resting.
The frozen ramparts melt away.
HP[+2] MP[+3]
You regained 2 hp, and now have 36/41 hp.
Your mp is fully restored (13).
You start resting.
HP[+5]
Your hp is fully restored (41).
You now have 233 gold pieces (gained 12).
You now have 238 gold pieces (gained 5).
Found a runed leather armour.
Grinder comes into view.
Grinder shouts!
Grinder gestures at you. You resist with significant effort.
Casting: Frozen Ramparts (dangerous; 2% risk of failure)
Confirm with . or Enter, or press ? or * to list all spells.
Casting: Frozen Ramparts (dangerous; 2% risk of failure)
Press: ? - help, Dir - look around, f - activate The walls around you are covered in ice.
MP[-3]
You lost 3 mp, and now have 10/13 mp.
Grinder resists.
The wall freezes Grinder.
You hit Grinder. Your grab misses Grinder. You squeeze Grinder.
Grinder completely resists.
The wall freezes Grinder but does no damage.
Grinder gestures at you.
You suddenly lose the ability to move!
Grinder resists.
The wall freezes Grinder.
Grinder hits you!
Grinder resists.
The wall freezes Grinder.
Grinder hits you.
You writhe in agony.
Grinder resists.
The wall freezes Grinder.
Grinder hits you.
You writhe in agony.
* * * LOW HITPOINT WARNING * * *
You can move again.
HP[-26]
You take 26 damage, and now have 15/41 hp.
MASSIVE DAMAGE!! (PAUSE)
Casting: Frozen Ramparts (dangerous; 2% risk of failure)
Confirm with . or Enter, or press ? or * to list all spells.
A film of ice covers your body!
Grinder resists.
The wall freezes Grinder.
Grinder hits you but does no damage.
MP[-3]
You lost 3 mp, and now have 7/13 mp.
You barely miss Grinder. You grab Grinder.
You squeeze Grinder, but do no damage. You constrict Grinder.
Grinder completely resists.
The wall freezes Grinder but does no damage.
Grinder closely misses you.
MP[+1]
You barely miss Grinder. Your squeeze misses Grinder. You constrict Grinder.
Grinder completely resists.
The wall freezes Grinder but does no damage.
Grinder gestures at you.
You struggle to resist.
Grinder resists.
The wall freezes Grinder.
Grinder gestures at you.
You struggle to resist.
You barely miss Grinder.
The frozen ramparts melt away.
You constrict Grinder, but do no damage.
Grinder gestures at you. Pain shoots through your body!
* * * LOW HITPOINT WARNING * * *
HP[-8]
You take 8 damage, and now have 7/41 hp.
You hit Grinder but do no damage. You squeeze Grinder. You constrict Grinder.
Grinder hits you.
* * * LOW HITPOINT WARNING * * *
Grinder barely misses you.
HP[-1]
You take 1 damage, and now have 6/41 hp.
You slash Grinder! You constrict Grinder. Grinder hits you.
* * * LOW HITPOINT WARNING * * *
You writhe in agony.
You die...

Skill      XL: |  1  2  3  4  5  6  7 |
---------------+----------------------+-----
Ice Magic      | 5 6 |  6.8
Spellcasting   | 3 4 |  4.0
Shields        | 1 2 |  2.5
Dodging        | |  2.0
Stealth        | |  2.6

Action                   |  1- 3 |  4- 6 |  7- 9 || total
-------------------------+-------+-------+-------++-------
Melee: War axe           |    20 |    40 |     8 ||    68
       Tentacles         |     5 |     8 |     3 ||    16
       Constrict         |     8 |    10 |     2 ||    20
       Unarmed           |     1 |       |       ||     1
       Punch             |       |     1 |       ||     1
 Cast: Freeze            |    18 |    22 |       ||    40
       Frozen Ramparts   |     2 |    11 |     4 ||    17
       Ozocubu's Armour  |       |     1 |     1 ||     2
 Stab: Sleeping          |     7 |     2 |       ||     9
Armor: Skin              |     5 |     6 |     1 ||    12
Dodge: Dodged            |    25 |    42 |     2 ||    69

Levels and vault maps discovered:
D:1:      minmay_arrival_nine_rooms, layout_basic, ebering_ecumenical_altar_box,
          chequers_serial_rivers_small_a
D:2:      layout_basic, basic_altar, kennysheep_potato, uniq_crazy_yiuf_cottage,
          uniq_natasha
D:3:      layout_loops_ring, eino_curves_02, minmay_gold_behind_fungi,
          lightli_corner_chamber, uniq_jessica
D:4:      layout_rooms, serial_shops,
          nicolae_shop_temple_entry_statues_fountains, uniq_menkaure,
          uniq_grinder

Notes
Turn   | Place    | Note
-------+----------+-------------------------------------------
     0 | D:1      | zeratav the Octopode Ice Elementalist began the quest for
                  | the Orb.
     0 | D:1      | Reached XP level 1. HP: 11/11 MP: 3/3
     0 | D:1      | magus.rc [v1.9.6]
   338 | D:1      | Reached XP level 2. HP: 11/17 MP: 1/5
   509 | D:1      | Found a faded altar of an unknown god.
   982 | D:1      | You add the spells Tukima's Dance, Passage of Golubria and
                  | Yara's Violent Unravelling to your library.
  1233 | D:1      | Reached XP level 3. HP: 11/21 MP: 3/6
  1237 | D:1      | Learned a level 3 spell: Frozen Ramparts
  1399 | D:2      | Found a sparkling altar of Nemelex Xobeh.
  1409 | D:2      | Noticed Natasha
  1413 | D:2      | Killed Natasha
  1495 | D:2      | Noticed Natasha
  1528 | D:2      | Reached skill level 5 in Ice Magic
  1771 | D:2      | Reached XP level 4. HP: 27/27 MP: 8/8
  1780 | D:2      | Killed Natasha
  1836 | D:2      | Noticed Natasha
  1844 | D:2      | Killed Natasha
  1845 | D:2      | Reached skill level 3 in Spellcasting
  2447 | D:2      | Found a runed translucent door.
  2448 | D:2      | Noticed Crazy Yiuf
  2734 | D:2      | Reached XP level 5. HP: 31/31 MP: 5/9
  3096 | D:3      | HP: 6/31 [orc priest/+2 mace of distortion (5)]
  3098 | D:3      | Reached skill level 1 in Shields
  3098 | D:3      | Reached skill level 6 in Ice Magic
  3591 | D:3      | Learned a level 3 spell: Ozocubu's Armour
  3646 | D:3      | Reached XP level 6. HP: 35/36 MP: 11/11
  3691 | D:3      | Noticed Jessica
  3721 | D:3      | Killed Jessica
  4238 | D:4      | Found Reral's Weapon Shop.
  4262 | D:4      | Reached skill level 2 in Shields
  4546 | D:4      | Noticed Menkaure
  4565 | D:4      | Killed Menkaure
  4566 | D:4      | Reached XP level 7. HP: 14/41 MP: 6/12
  4612 | D:4      | Reached skill level 4 in Spellcasting
  4808 | D:4      | Noticed Grinder
  4813 | D:4      | Paralysed by Grinder for 3 turns
  4819 | D:4      | HP: 7/41 [Grinder/nerve-wracking pain (9)]
  4821 | D:4      | Slain by Grinder

Vanquished Creatures
  Menkaure (D:4)
  A phantom (D:4)
  A hound (D:4)
  2 orc priests (D:3)
  Jessica (D:3)
  An iguana (D:4)
  Natasha (thrice) (D:2)
  An orc wizard (D:3)
  An adder (D:3)
  A worm (D:2)
  2 dart slugs
  7 orcs
  8 endoplasms
  3 giant cockroaches
  3 goblins
  2 hobgoblins (D:3)
  3 kobolds
  6 quokkas
  6 ball pythons
  7 bats
  8 frilled lizards
  6 rats
74 creatures vanquished.

Vanquished Creatures (others)
  A fungus (D:3)
  4 toadstools (D:3)
5 creatures vanquished.

Grand Total: 79 creatures vanquished

Table legend:
 A = Non-vault XP
 B = Vault XP
 C = Vault XP percentage of total XP
 D = Non-vault monster count
 E = Vault monster count
 F = Vault count percentage of total count
                 A         B        C        D         E       F
            +---------+---------+-------+---------+---------+-------
      Total |     473 |     243 |  33.9 |      70 |       4 |   5.4
            +---------+---------+-------+---------+---------+-------
        D:1 |      35 |       0 |   0.0 |      23 |       0 |   0.0
        D:2 |      94 |      37 |  28.2 |      14 |       2 |  12.5
        D:3 |     176 |      37 |  17.4 |      26 |       1 |   3.7
        D:4 |     168 |     169 |  50.1 |       7 |       1 |  12.5
            +---------+---------+-------+---------+---------+-------

Illustrated notes

Table legend:
 A = Kills in this place as a percentage of kills in entire the game.
 B = Kills by you in this place as a percentage of kills by you in the entire game.
 C = Kills by friends in this place as a percentage of kills by friends in the entire game.
 D = Other kills in this place as a percentage of other kills in the entire game.
 E = Experience gained in this place as a percentage of experience gained in the entire game.
 F = Experience gained in this place divided by the number of levels of this place that you have seen.
                   A       B       C       D       E      F
               +-------+-------+-------+-------+-------+----------------------
         Total | 100.0 | 100.0 |   N/A |   N/A | 100.0 | 179.0
       Dungeon | 100.0 | 100.0 |   N/A |   N/A | 100.0 | 179.0
               +-------+-------+-------+-------+-------+----------------------

Table legend: (Time is in decaauts)
 A = Elapsed time spent in this place.
 B = Non-inter-level travel time spent in this place.
 C = Inter-level travel time spent in this place.
 D = Time resting spent in this place.
 E = Time spent auto-exploring this place.
 F = Levels seen in this place.
 G = Mean time per level.
                   A        B        C        D        E       F      G
               +--------+--------+--------+--------+--------+-----+--------+
         Total |   4858 |   4701 |    157 |   1614 |   2521 |   4 | 1214.5 |
       Dungeon |   4858 |   4701 |    157 |   1614 |   2521 |   4 | 1214.5 |
               +--------+--------+--------+--------+--------+-----+--------+

Top non-repeatable levels by time:
     D:2: 1479 daAuts
     D:1: 1404 daAuts
     D:3: 1382 daAuts
     D:4: 591 daAuts
